 Dungeon Crawl Stone Soup version 0.22.1-1-ga44c0e56f4 (webtiles) character file.

1370 Narretz the Ogre Mage (level 8, -5/75 HPs)
             Began as an Ogre Earth Elementalist on Oct 28, 2018.
             Was a Follower of Cheibriados.
             Slain by a worker ant (7 damage)
             ... on level 7 of the Dungeon.
             The game lasted 00:37:35 (7035 turns).

Narretz the Ogre Mage (Ogre Earth Elementalist)     Turns: 7035, Time: 00:37:36

Health: -5/75      AC: -4    Str: 16    XL:     8   Next: 65%
Magic:  14/17      EV: 11    Int: 18    God:    Cheibriados [*.....]
Gold:   308        SH:  0    Dex: 12    Spells: 13/19 levels left

rFire    . . .     SeeInvis .   k - +4 club
rCold    . . .     Gourm    .   (no shield)
rNeg     . . .     Faith    .   c - +0 robe
rPois    .         Spirit   .   (helmet restricted)
rElec    .         Reflect  .   n - +0 cloak
rCorr    .         Harm     .   (gloves unavailable)
MR       .....                  (boots unavailable)
Stlth    ++........             (no amulet)
HPRegen  0.22/turn              (no ring)
MPRegen  0.15/turn              (no ring)

@: lethally poisoned (-5 -> -9), corroded, very slow
A: large, unfitting armour, tough skin 1
a: Bend Time, Renounce Religion


You were on level 7 of the Dungeon.
You worshipped Cheibriados.
Cheibriados was aware of your devotion.
You were not hungry.

You visited 2 branches of the dungeon, and saw 8 of its levels.

You collected 308 gold pieces.

Inventory:

Hand Weapons
 a - a +0 flail
 h - a +0 mace
 k - a +4 club (weapon)
 o - the +9 hunting sling of the Reaper {freeze, rPois Str+2}
   (You found it on level 4 of the Dungeon)

   It causes projectiles fired from it to freeze those they strike, causing
   extra injury to most foes and up to half again as much damage against
   particularly susceptible opponents.
   They can also slow down cold-blooded creatures.
   It affects your strength (+2).
   It protects you from poison.
 w - a +0 giant spiked club
Missiles
 b - 215 stones (quivered)
Armour
 c - a +0 robe (worn)
 n - a +0 cloak (worn)
 v - a +0 large shield
Wands
 f - a wand of acid (7)
 j - a wand of flame (17)
 u - a wand of clouds (5)
Scrolls
 e - 7 scrolls of identify
 g - 2 scrolls of magic mapping
 l - 6 scrolls of remove curse
 m - a scroll of teleportation {unknown}
 p - a scroll of fear {unknown}
 r - 2 scrolls of random uselessness {unknown}
 s - a scroll of fog {unknown}
Potions
 i - 2 potions of ambrosia
 q - a potion of agility {unknown}
 t - a potion of lignification {unknown}
Comestibles
 d - 12 rations
 x - 2 chunks of flesh


   Skills:
 + Level 3.2 Fighting
 + Level 3.2 Maces & Flails
 + Level 0.1 Slings
 + Level 3.3 Dodging
 + Level 2.8 Stealth
 + Level 6.1 Spellcasting
 + Level 2.2 Conjurations
 + Level 0.8 Transmutations
 + Level 5.4 Earth Magic
 + Level 0.7 Evocations


You had 13 spell levels left.
You knew the following spells:

 Your Spells              Type           Power        Failure   Level  Hunger
a - Sandblast             Erth           ####..       1%          1    None
b - Stone Arrow           Conj/Erth      ###...       8%          3    ##.....
c - Passwall              Tmut/Erth      ###.....     4%          2    None

Your spell library contained the following spells:

 Spells                   Type           Power        Failure   Level  Hunger
 Beastly Appendage        Tmut           #.....       9%          1    None
 Sticks to Snakes         Tmut           #.......     13%         2    None
 Spider Form              Tmut/Pois      #.........   30%         3    ##.....
 Petrify                  Tmut/Erth      ###.....     32%         4    ####...
 Lee's Rapid Deconstruct  Erth           ####......   34%         5    #####..
 Ice Form                 Ice/Tmut       #.......     69%         4    ####...
 Blade Hands              Tmut           #.........   93%         5    #####..


Dungeon Overview and Level Annotations

Branches:
Dungeon (7/15)             Temple (1/1) D:5

Altars:
Cheibriados
Dithmenos
Fedhas
Gozag
Kikubaaqudgha
Makhleb
Okawaru
Ru
Vehumet
Zin
The Shining One

Annotations:
D:7 2 transporters


Innate Abilities, Weirdness & Mutations

You are too large for most types of armour.
You have tough skin. (AC +1)


Message History

You feel sick. The jelly hits you.
* * * LOW HITPOINT WARNING * * *
The acid corrodes you!
You are splashed with acid!
The acid burns!
* * * LOW HITPOINT WARNING * * *
The worker ant bites you.
* * * LOW HITPOINT WARNING * * *
You are more poisoned.
The worker ant poisons you! The flow of time bends around you.
Cheibriados rebukes the jelly.
The jelly seems to slow down.
Cheibriados rebukes the worker ant.
The worker ant seems to slow down.
You feel slightly more hungry.
A kobold comes into view. It is wielding a club.
The jelly hits you.
* * * LOW HITPOINT WARNING * * *
You are splashed with acid!
The acid burns!
* * * LOW HITPOINT WARNING * * *
The worker ant bites you!
You die...

.....# .....## ####..#
# ## ...##.# #.. #.
#..8#.#
#...#.#########
.#..#.##
#....K.#....[.#
....#..## #........#
.©..#©..# #a#.######
....#...# #@#.###
.#..#.#...... #J#...#
#..8#.##)......#.###.#
Feh##.# .......#.....#
####..# .......####..#
....)###.......# #..#
.............#.# #..#
)########### #.####..#
).############.#.....#


You could see a jelly, a worker ant and a kobold.

Vanquished Creatures
  An orc warrior (D:7)
  A phantom (D:5)
  An ogre (D:6)
  2 centaurs
  4 bullfrogs (D:6)
  A water moccasin skeleton (D:7)
  A scorpion (D:6)
  2 crimson imps
  A bullfrog zombie (D:5)
  2 orc priests
  A hound (D:3)
  A jelly (D:6)
  3 orc wizards
  Jessica (D:2)
  Natasha (D:2)
  An iguana (D:5)
  A worker ant zombie (D:6)
  Robin (D:2)
  A gnoll (D:6)
  6 adders
  2 oozes
  An adder zombie (D:5)
  3 worms
  2 dart slugs
  2 leopard geckos
  8 orcs
  4 bats
  4 giant cockroaches
  23 goblins
  6 hobgoblins
  2 jackals (D:4)
  8 kobolds
  5 quokkas
  2 ball pythons
  3 frilled lizards
  A quokka skeleton (D:6)
  6 rats
115 creatures vanquished.

Notes
Turn   | Place    | Note
-------+----------+-------------------------------------------
     0 | D:1      | Narretz the Ogre Earth Elementalist began the quest for the
                  | Orb.
     0 | D:1      | Reached XP level 1. HP: 16/16 MP: 3/3
   363 | D:1      | Reached XP level 2. HP: 24/24 MP: 3/5
   803 | D:1      | Reached XP level 3. HP: 31/31 MP: 7/7
   842 | D:1      | Learned a level 3 spell: Stone Arrow
  1184 | D:2      | Reached skill level 3 in Spellcasting
  1484 | D:2      | Noticed Natasha
  1563 | D:2      | Reached skill level 1 in Maces & Flails
  1631 | D:2      | Noticed Robin
  1725 | D:2      | Killed Robin
  1725 | D:2      | Reached XP level 4. HP: 36/40 MP: 0/8
  1923 | D:2      | Noticed Jessica
  1934 | D:2      | Killed Jessica
  2244 | D:3      | Reached skill level 1 in Fighting
  2260 | D:2      | Reached XP level 5. HP: 13/48 MP: 0/10
  2544 | D:3      | Found a glowing silver altar of Zin.
  3327 | D:3      | Reached XP level 6. HP: 20/57 MP: 1/11
  3972 | D:2      | Killed Natasha
  3972 | D:2      | Reached skill level 4 in Spellcasting
  4522 | D:4      | Got a slimy hunting sling
  4523 | D:4      | Identified the +9 hunting sling of the Reaper {freeze,
                  | rPois Str+2} (You found it on level 4 of the Dungeon)
  4743 | D:5      | Entered Level 5 of the Dungeon
  4775 | D:5      | Found a staircase to the Ecumenical Temple.
  4779 | D:5      | Noticed a phantom
  4804 | D:5      | Killed a phantom
  4817 | D:5      | Reached XP level 7. HP: 42/65 MP: 2/13
  5082 | Temple   | Entered the Ecumenical Temple
  5108 | Temple   | Became a worshipper of Cheibriados the Contemplative
  5182 | D:5      | Reached skill level 1 in Conjurations
  5725 | D:6      | Found an iron altar of Okawaru.
  5774 | D:6      | Learned a level 2 spell: Passwall
  5853 | D:6      | Reached skill level 5 in Spellcasting
  5923 | D:6      | Reached XP level 8. HP: 61/74 MP: 4/15
  6007 | D:6      | Reached skill level 5 in Earth Magic
  6055 | D:6      | Reached * piety under Cheibriados
  6830 | D:7      | Found a transporter.
  6831 | D:7      | Noticed a troll
  6834 | D:7      | Found a transporter.
  6834 | D:7      | Noticed a deep elf mage
  6855 | D:7      | Found an opulent altar of Gozag.
  6856 | D:7      | Found a blossoming altar of Fedhas.
  6887 | D:7      | Reached skill level 6 in Spellcasting
  7035 | D:7      | HP: 2/75 [acid (8)]
  7035 | D:7      | Slain by a worker ant

Skill      XL: |  1  2  3  4  5  6  7  8 |
---------------+-------------------------+-----
Earth Magic    | 3 4 5 |  5.4
Dodging        | 2 3 |  3.3
Spellcasting   | 3 4 5 6 |  6.1
Maces & Flails | 1 2 3 |  3.2
Fighting       | 1 2 3 |  3.2
Stealth        | 2 |  2.8
Conjurations   | 1 2 |  2.2
Slings         | |  0.1
Transmutations | |  0.8
Evocations     | |  0.7

Action                   |  1- 3 |  4- 6 |  7- 9 || total
-------------------------+-------+-------+-------++-------
Melee: Unarmed           |    24 |       |       ||    24
       Club              |    18 |    85 |    88 ||   191
       Mace              |    43 |       |       ||    43
       Flail             |    20 |    23 |       ||    43
 Fire: Hunting sling     |       |     1 |       ||     1
 Cast: Sandblast         |    31 |    22 |    23 ||    76
       Stone Arrow       |     1 |    16 |    36 ||    53
Invok: Bend Time         |       |       |     1 ||     1
Evoke: Wand              |       |     7 |     1 ||     8
  Use: Scroll            |     1 |     4 |       ||     5
       Potion            |       |       |     1 ||     1
 Stab: Sleeping          |     1 |     3 |     4 ||     8
       Distracted        |       |       |     1 ||     1
  Eat: Chunk             |     3 |     8 |     5 ||    16
       Ration            |       |     1 |     1 ||     2
Armor: Robe              |    35 |    26 |    26 ||    87
Dodge: Dodged            |    58 |    58 |    58 ||   174
